Map: Pillars of Gold LE

Players

Massa

  • Race: Terran Terran
  • League: Platinum
  • Spawn Location: 7:00

Jorge - Winner!

  • Race: Terran Terran
  • League: Platinum
  • Spawn Location: 1:00

VOD

Have the link to the VOD?

Description

Time

  • Played on: Nov. 2, 2020, 5 a.m.
  • Length: 21:03
Show
View Real Time Build Order
Export as new Build Order

Massa Terran 

Build Orders: Gas First Reaper Expand 

Get SALT Encoding   

  12  0:00  SCV  
  13  0:12  SCV  
  14  0:20  Supply Depot  
  14  0:24  SCV  
  15  0:31  Refinery  
  15  0:44  Barracks  
  15  0:45  SCV  
  16  0:57  SCV  
  17  1:09  SCV  
  18  1:22  SCV  
  19  1:33  Reaper  
  19  1:34  Orbital Command  
  20  1:56  Command Center  
  20  2:03  SCV  
  21  2:15  SCV  
  21  2:18  Marine  
  22  2:35  Factory, Supply Depot  
  22  2:44  Barracks Reactor  
  22  3:09  Command Center  
  22  3:10  SCV  
  23  3:15  Orbital Command  
  23  3:19  Refinery  
  23  3:20  Factory Tech Lab  
  23  3:21  Marine x2  
  23  3:22  SCV  
  26  3:31  Engineering Bay  
  26  3:34  SCV  
  26  3:37  Starport  
  27  3:41  Marine  
  27  3:42  Marine  
  27  3:44  SCV  
  29  4:03  SCV x2  
  29  4:05  Marine  
  29  4:06  Marine  
  29  4:07  Siege Tank  
  36  4:12  Missile Turret  
  36  4:15  SCV x2  
  36  4:16  Medivac  
  40  4:22  Missile Turret  
  40  4:29  Orbital Command  
  40  4:37  Missile Turret  
  40  4:43  Barracks  
  39  4:58  SCV x3, Missile Turret  
  45  5:08  Cyclone, Marine  
  45  5:09  Marine  
  45  5:10  SCV x2  
  50  5:14  SCV  
  50  5:21  Medivac  
  50  5:23  SCV x2  
  50  5:27  Missile Turret  
  48  5:37  Marine x2  
  50  5:47  Missile Turret  
  50  5:51  Supply Depot  
  50  5:54  Supply Depot  
  50  5:55  Marine x2  
  51  6:33  Barracks Tech Lab  
  51  6:34  Medivac  
  51  6:35  Missile Turret  
  51  6:36  Missile Turret  
  51  6:39  Cyclone  
  52  6:40  Missile Turret  
  52  6:41  Marine x2  
  53  6:47  Missile Turret  
  53  6:54  Missile Turret  
  53  6:57  Missile Turret  
  53  6:59  Marine x2  
  54  7:01  Missile Turret  
  51  7:11  Cyclone  
  46  8:06  Siege Tank  
  46  8:10  Marine  
  46  8:11  Marine  
  51  8:13  SCV x3  
  54  8:25  SCV x3  
  52  8:28  Marine x2  
  46  8:37  SCV  
  46  8:40  Missile Turret  
  46  8:41  Missile Turret x2  
  47  8:42  Missile Turret  
  47  8:43  SCV x2  
  49  8:48  Refinery  
  49  8:49  SCV  
  49  8:54  Terran Infantry Weapons Level 1  
  49  8:55  SCV x2, Siege Tank  
  55  8:57  Barracks Tech Lab  
  55  9:01  SCV  
  56  9:05  Barracks  
  56  9:07  SCV  
  57  9:21  Barracks  
  57  9:27  Refinery  
  57  9:33  Siege Tank  
  57  9:34  Marine  
  57  9:36  Stimpack  
  61  9:44  Supply Depot x2  
  61  9:49  Armory  
  61  9:56  Starport  
  61  10:05  Marine x2  
  61  10:06  Missile Turret  
  63  10:07  Supply Depot  
  63  10:08  Supply Depot  
  63  10:09  SCV x3  
  66  10:20  Marauder  
  68  10:21  SCV x3  
  68  10:23  Marine x2  
  68  10:24  Barracks Reactor, Barracks Tech Lab  
  73  10:31  Supply Depot  
  73  10:32  Supply Depot  
  73  10:33  SCV x2  
  74  10:40  Marine  
  74  10:41  Marauder  
  78  10:48  Terran Infantry Armor Level 1  
  71  10:50  Missile Turret  
  71  10:55  Marine  
  68  11:03  Marauder  
  64  11:16  Combat Shield  
  62  11:19  SCV, Missile Turret  
  62  11:20  SCV x2  
  62  11:22  Missile Turret  
  65  11:31  SCV  
  65  11:32  SCV x2  
  68  11:35  Cyclone  
  71  12:08  Cyclone  
  74  12:11  Marine x2  
  74  12:12  Marine x2  
  74  12:14  Concussive Shells  
  78  12:24  Missile Turret  
  78  12:26  Missile Turret  
  78  12:29  Marine  
  79  12:30  Marauder x2  
  83  12:51  Marauder  
  83  12:52  Marauder  
  87  13:02  Orbital Command  
  87  13:06  SCV x2  
  89  13:18  SCV x2  
  91  13:29  Marauder  
  91  13:30  SCV x2, Marauder, Marine x2, Missile Turret  
  91  13:31  Missile Turret  
  91  13:32  Barracks x2  
  91  13:33  Missile Turret  
  99  13:35  Barracks  
  99  13:37  Missile Turret  
  99  13:38  Refinery  
  99  13:41  SCV  
  99  13:42  SCV  
  99  13:43  SCV  
  99  13:48  Marine x2  
  103  13:51  Marauder x2  
  103  13:53  Missile Turret  
  108  13:58  Missile Turret  
  108  14:05  Marine  
  109  14:15  Supply Depot x2  
  109  14:16  Supply Depot  
  109  14:17  Sensor Tower, Supply Depot  
  109  14:21  Sensor Tower  
  109  14:32  Refinery  
  109  14:36  Marine x2  
  109  14:37  SCV x3, Marauder x2  
  109  14:38  Missile Turret, Supply Depot  
  118  14:42  Supply Depot  
  118  14:43  Supply Depot  
  118  14:44  Barracks Reactor, Barracks Tech Lab  
  118  14:45  Barracks Tech Lab, Command Center  
  118  14:48  Terran Infantry Armor Level 2  
  118  14:49  SCV x3  
  121  14:53  Engineering Bay  
  121  14:54  Marine, Siege Tank  
  121  14:57  Medivac  
  121  14:58  Marauder x2  
  131  15:05  Refinery  
  131  15:15  Sensor Tower  
  131  15:20  Marauder x2  
  135  15:22  Missile Turret  
  137  15:30  Starport Reactor  
  137  15:34  Terran Vehicle And Ship Armor Level 1  
  135  15:46  SCV x3  
  138  15:53  Marauder x4  
  138  15:54  Marine  
  138  15:56  Marine  
  148  15:57  Marine  
  148  15:58  SCV x2  
  148  16:03  Marine  
  152  16:11  Siege Tank  
  152  16:12  Marine  
  152  16:14  Marauder x3, Marine  
  152  16:15  Marauder, Marine  
  166  16:21  Marine  
  166  16:23  Missile Turret  
  166  16:24  Missile Turret  
  167  16:26  Missile Turret x2  
  167  16:34  Viking x2  
  167  16:36  Marauder x4  
  179  16:44  Missile Turret  
  179  16:45  Orbital Command  
  179  16:47  Missile Turret  
  179  16:48  Missile Turret  
  179  16:49  Sensor Tower  
  179  17:00  Marauder  
  179  17:02  Marauder x2  
  179  17:03  Marauder  
  172  17:16  Marine  
  172  17:17  Marine x3  
  172  17:21  Marine  
  171  17:23  Marauder x2  
  171  17:24  Marauder  
  165  17:32  Viking x2  
  165  17:34  Marine  
  165  17:35  Marine x3  
  162  17:39  Marine  
  145  17:44  Marine x2  
  145  17:45  Marine  
  133  17:52  Marine x2  
  133  17:53  Marine x2  
  131  18:02  Viking x2  
  122  18:14  Marine x6  
  130  18:30  SCV  
  130  18:31  SCV x2  
  130  18:32  Marine x5, Viking x2  
  141  18:42  SCV  
  141  18:43  SCV x2  
  134  18:49  Marine  
  134  18:50  Marine x4  
  134  18:55  SCV x2  
  127  19:07  Marine  
  127  19:08  Marine x4  
  126  19:25  Marine x2  
  126  19:26  Marine x3  
  127  19:40  Missile Turret  
  127  19:42  Missile Turret, Viking x2  
  127  19:43  Marine x3  
  117  19:53  Marine x2  
  115  20:01  Marine x3  
  115  20:05  Factory  
  115  20:06  Missile Turret  
  112  20:08  Factory, Missile Turret  
  112  20:09  Missile Turret  
  112  20:11  Marine x2  
  112  20:12  Viking x2  
  118  20:18  Marine  
  118  20:19  Marine x2  
  117  20:28  Marine  
  117  20:29  Marine  
  117  20:36  Marine  
  117  20:37  Marine x2  
Show
View Real Time Build Order
Export as new Build Order

Jorge Terran - Winner!

Build Orders: Banshee Rush 

Get SALT Encoding   

  12  0:12  SCV  
  13  0:17  Supply Depot  
  13  0:24  SCV  
  13  0:27  Refinery  
  14  0:36  SCV  
  15  0:49  SCV  
  16  0:51  Barracks  
  16  0:57  Refinery  
  16  1:01  SCV  
  17  1:13  SCV  
  18  1:25  SCV  
  19  1:37  SCV  
  19  1:39  Marine  
  20  1:40  Factory  
  21  1:50  Orbital Command  
  21  2:00  Marine  
  22  2:18  Marine  
  23  2:25  Supply Depot  
  23  2:30  Starport  
  23  2:38  Factory Tech Lab  
  23  2:46  SCV, Marine  
  25  2:58  SCV  
  26  3:13  Supply Depot  
  26  3:16  Banshee  
  26  3:17  Cloaking Field  
  29  3:23  Supply Depot  
  28  3:27  SCV  
  28  3:33  Marine  
  30  3:38  Supply Depot  
  30  3:44  SCV, Fusion Core  
  31  3:59  Banshee  
  34  4:05  SCV  
  35  4:14  Command Center  
  35  4:18  Supply Depot  
  35  4:22  SCV  
  36  4:25  Factory Tech Lab  
  36  4:56  SCV  
  36  4:58  Battlecruiser  
  43  5:03  Supply Depot  
  43  5:08  SCV  
  44  5:20  SCV  
  45  5:40  SCV  
  45  5:41  SCV  
  47  5:52  SCV  
  48  5:59  Marine  
  48  6:02  Battlecruiser  
  52  6:17  Marine  
  53  6:31  SCV x2  
  52  6:37  Marine  
  53  6:43  SCV x2  
  55  6:52  Cyclone  
  58  6:55  SCV, Marine  
  61  7:11  SCV  
  61  7:13  Marine  
  61  7:14  Orbital Command  
  62  7:16  Refinery  
  62  7:18  Refinery  
  62  7:24  Cyclone  
  65  7:30  Marine  
  66  7:40  SCV  
  67  7:48  Marine  
  68  7:56  Cyclone  
  71  7:59  SCV  
  71  8:00  SCV  
  73  8:06  Marine  
  73  8:11  SCV  
  73  8:12  SCV  
  76  8:21  Battlecruiser  
  76  8:24  Marine  
  75  8:28  Cyclone  
  75  8:36  SCV x2  
  77  8:42  Marine  
  77  8:48  SCV  
  79  8:59  Marine  
  79  9:00  SCV, Cyclone  
  84  9:03  SCV  
  84  9:08  Engineering Bay  
  84  9:09  Supply Depot  
  85  9:13  SCV  
  86  9:20  Weapon Refit  
  86  9:24  Supply Depot  
  94  9:31  SCV x2, Battlecruiser  
  94  9:46  Cyclone, SCV x2  
  99  9:58  SCV x2  
  101  10:00  Missile Turret  
  101  10:04  Marine  
  102  10:11  Missile Turret  
  102  10:16  Missile Turret  
  102  10:20  Missile Turret  
  102  10:42  Missile Turret  
  102  10:47  Marine  
  102  10:48  SCV x2  
  102  11:12  SCV x2, Marine, Battlecruiser  
  102  11:16  Siege Tank  
  102  11:32  SCV x2, Marine  
  99  11:44  SCV x2  
  101  11:50  Marine  
  102  11:54  Command Center  
  102  12:05  SCV x2  
  102  12:07  Marine  
  99  12:08  Cyclone  
  102  12:20  Supply Depot  
  102  12:32  Starport  
  102  12:42  SCV, Marine, Battlecruiser  
  110  12:45  Supply Depot  
  110  12:49  Starport  
  110  12:54  Supply Depot  
  110  13:06  SCV x2, Marine, Cyclone  
  110  13:08  Supply Depot  
  110  13:10  Orbital Command  
  110  13:11  Refinery  
  116  13:16  Starport Tech Lab  
  116  13:18  SCV x2, Supply Depot  
  118  13:23  Marine  
  119  13:30  SCV x2  
  119  13:31  Supply Depot  
  121  13:38  Battlecruiser, Siege Tank  
  130  13:46  Battlecruiser  
  130  13:47  Refinery  
  136  13:49  Starport Tech Lab  
  136  13:50  Supply Depot  
  136  13:51  SCV  
  137  13:57  Supply Depot  
  137  14:01  Missile Turret  
  137  14:13  Battlecruiser  
  137  14:14  SCV  
  144  14:31  SCV  
  144  14:32  SCV x2  
  144  14:38  Supply Depot  
  147  14:42  Battlecruiser  
  147  14:43  SCV  
  147  14:44  SCV  
  155  14:51  SCV, Battlecruiser  
  162  15:02  Armory  
  163  15:07  SCV x2  
  164  15:17  Battlecruiser  
  170  15:24  Command Center  
  170  15:29  SCV  
  171  15:37  Cyclone  
  171  15:38  Marine  
  171  15:39  SCV  
  176  15:47  Battlecruiser  
  182  15:56  Marine  
  182  15:57  Missile Turret  
  183  16:05  Missile Turret  
  183  16:07  Battlecruiser  
  183  16:11  Terran Ship Weapons Level 1  
  189  16:17  Missile Turret  
  189  16:28  Missile Turret  
  189  16:35  SCV, Battlecruiser, Marine, Siege Tank  
  189  16:36  Supply Depot  
  189  16:39  Missile Turret  
  200  16:51  Missile Turret  
  200  16:58  Supply Depot  
  200  17:08  SCV x2  
  196  17:14  Cyclone  
  193  17:31  Marine  
  193  17:33  Battlecruiser  
  177  17:46  Siege Tank  
  177  17:49  Marine  
  165  17:59  Battlecruiser x2  
  177  18:06  Marine  
  178  18:18  Siege Tank  
  181  18:24  Marine  
  182  18:35  Refinery, SCV  
  182  18:37  Battlecruiser  
  183  18:42  Marine  
  180  18:50  Siege Tank  
  170  19:00  Marine  
  165  19:03  Battlecruiser  
  164  19:18  Marine  
  164  19:22  Siege Tank  
  162  19:35  Marine  
  161  19:47  Battlecruiser  
  167  19:53  Marine  
  167  19:54  Siege Tank  
  170  20:11  Marine  
  170  20:26  Refinery, Siege Tank  
  179  20:29  Marine  
Tags
 
Add a new tag
Caveats
  • Supply blocks, unpowered buildings, or Contaminate may cause inaccurate times.
  • Supply counts are checked every 10 seconds.